 Dungeon Crawl Stone Soup version 0.22.1-1-ga44c0e56f4 (webtiles) character file.

3943 Brecoman the Fighter (level 10, -2/94 HPs)
             Began as a Black Draconian Conjurer on Oct 2, 2018.
             Was a Priest of Vehumet.
             Slain by an ogre
             ... wielding a +0 giant spiked club
              (15 damage)
             ... on level 8 of the Dungeon.
             The game lasted 00:56:24 (12042 turns).

Brecoman the Fighter (Black Draconian Conjurer)    Turns: 12042, Time: 00:56:24

Health: -2/94      AC: 10    Str: 12    XL:     10   Next: 1%
Magic:  7/20       EV:  2    Int: 18    God:    Vehumet [***...]
Gold:   394        SH:  0    Dex: 11    Spells: 11/22 levels left

rFire    . . .     SeeInvis .   o - +2 whip (venom)
rCold    . . .     Gourm    .   (no shield)
rNeg     + + +     Faith    .   (armour unavailable)
rPois    ∞         Spirit   .   (helmet restricted)
rElec    +         Reflect  .   w - +0 cloak
rCorr    +         Harm     .   (no gloves)
MR       .....                  (no boots)
Stlth    ++........             (no amulet)
HPRegen  0.25/turn              i - +2 ring of protection
MPRegen  0.17/turn              p - ring of resist corrosion

@: petrified
A: breathe lightning, unfitting armour, electricity resistance, cold-blooded, AC
+7
a: Breathe Lightning, Renounce Religion


You were on level 8 of the Dungeon.
You worshipped Vehumet.
Vehumet was most pleased with you.
You were not hungry.

You visited 1 branch of the dungeon, and saw 8 of its levels.

You collected 394 gold pieces.

Inventory:

Hand Weapons
 e - a +1 short sword
 o - a +2 whip of venom (weapon)
Missiles
 f - 225 stones (quivered)
Armour
 w - a +0 cloak (worn)
Jewellery
 i - a +2 ring of protection (left hand)
 p - a ring of resist corrosion (right hand)
Wands
 d - a wand of enslavement (23)
 q - a wand of disintegration (12)
 u - a wand of random effects (51)
 v - a wand of digging (10)
 x - a wand of flame (30)
Scrolls
 a - 4 scrolls of identify
 c - 2 scrolls of fog
 g - 2 scrolls of remove curse
 h - 5 scrolls of enchant weapon
 j - 2 scrolls of teleportation
 l - 2 scrolls of enchant armour
 s - 3 scrolls of immolation
Potions
 k - 3 potions of haste
 m - a potion of brilliance
 n - a potion of lignification
 r - 2 potions of curing
 t - a potion of might {unknown}
 z - a potion of agility
Comestibles
 b - 9 rations


   Skills:
 * Level 10.6 Fighting
 - Level 1.1 Short Blades
 + Level 2.7 Dodging
 - Level 1.8 Stealth
 + Level 6.7 Spellcasting
 - Level 8.1 Conjurations
 - Level 2.0 Fire Magic


You had 11 spell levels left.
You knew the following spells:

 Your Spells              Type           Power        Failure   Level  Hunger
a - Magic Dart            Conj           ####         1%          1    None
b - Searing Ray           Conj           #####.       1%          2    None
c - Iskenderun's Mystic   Conj           #####...     1%          4    ####...
d - Shock                 Conj/Air       ###.         1%          1    None
e - Inner Flame           Hex/Fire       #.......     6%          3    ##.....

Your spell library contained the following spells:

 Spells                   Type           Power        Failure   Level  Hunger
 Dazzling Spray           Conj/Hex       ###...       1%          3    ##.....
 Force Lance              Conj/Tloc      ###.....     6%          4    ####...
 Fulminant Prism          Conj/Hex       ###.......   6%          4    ####...


Dungeon Overview and Level Annotations

Branches:
Dungeon (8/15)             Temple (0/1) D:6
   Lair: D:8-11

Altars:
Dithmenos
Hepliaklqana
Kikubaaqudgha
Makhleb
Okawaru
Ru
Sif Muna
Vehumet
Wu Jian
Yredelemnul

Shops:
D:5 %

Annotations:
D:4 2 transporters, Grinder
D:8 Grum


Innate Abilities, Weirdness & Mutations

You can breathe wild blasts of lightning.
Your glossy black scales are hard. (AC +7)
You cannot fit into any form of body armour.
You are resistant to electric shocks. (rElec)
You are cold-blooded and may be slowed by cold attacks.


Message History

You have turned to stone.
The ogre hits you with a giant spiked club!!
The basilisk gazes at you. You resist with some effort.
The ogre barely misses you. The basilisk bites you.
The ogre hits you with a giant spiked club!
* * * LOW HITPOINT WARNING * * *
The basilisk bites you!
* * * LOW HITPOINT WARNING * * *
The ogre hits you with a giant spiked club.
* * * LOW HITPOINT WARNING * * *
The basilisk bites you!
* * * LOW HITPOINT WARNING * * *
The ogre barely misses you.
The basilisk bites you but does no damage.
The basilisk bites you!
* * * LOW HITPOINT WARNING * * *
The ogre hits you with a giant spiked club!!
You die...

...#+#######
#.......... #. ...#
#........#####.#
Y..#
#..............#
...# #............#
)..# #..##........#
...# #..##...)....#
...#
#..##l.......####
+###
####O.##............
#..@l.##...)....####
#.###..#.##)'.###
#.# ##.#.##...# #.#
#...#8...8# #####.#
###..##...## #.....#
#...>##...# #.#####
#.#####...# #.###.#
#. ⌠...8 #....<# #.
##...#


You could see a basilisk and an ogre.

Vanquished Creatures
  Prince Ribbit (D:6)
  Sigmund (D:6)
  Eustachio (D:6)
  3 yaks
  A steam dragon (D:6)
  A porcupine (D:8)
  3 ice beasts
  3 orc warriors
  A phantom (D:4)
  2 black bears (D:6)
  4 ogres
  3 centaurs
  A bullfrog (D:6)
  A water moccasin zombie (D:5)
  4 scorpions
  A howler monkey (D:7)
  A centaur zombie (D:6)
  A bullfrog zombie (D:6)
  2 hounds (D:5)
  3 jellies
  3 orc priests
  Crazy Yiuf (D:6)
  4 bullfrog skeletons
  A centaur skeleton (D:6)
  5 worker ants
  7 orc wizards
  9 adders
  2 shadow imps
  An ooze (D:6)
  An adder skeleton (D:6)
  3 worms (D:2)
  4 dart slugs
  4 leopard geckos
  38 orcs
  5 giant cockroaches
  9 goblins
  11 hobgoblins
  A quokka (D:3)
  A ball python (D:1)
  12 bats
  6 frilled lizards
  6 kobolds
  2 leopard gecko skeletons (D:6)
  6 rats
180 creatures vanquished.

Vanquished Creatures (others)
  2 bushes (D:8)
  2 fungi (D:8)
  7 plants (D:8)
11 creatures vanquished.

Grand Total: 191 creatures vanquished

Notes
Turn   | Place    | Note
-------+----------+-------------------------------------------
     0 | D:1      | Brecoman the Draconian Conjurer began the quest for the
                  | Orb.
     0 | D:1      | Reached XP level 1. HP: 14/14 MP: 3/3
   240 | D:1      | Reached XP level 2. HP: 13/20 MP: 0/5
   400 | D:1      | Learned a level 2 spell: Searing Ray
  1047 | D:2      | Reached XP level 3. HP: 26/26 MP: 4/6
  1064 | D:2      | Reached skill level 1 in Short Blades
  1272 | D:2      | Reached skill level 5 in Conjurations
  1848 | D:3      | Reached XP level 4. HP: 22/34 MP: 7/7
  2260 | D:3      | Found an iron altar of Okawaru.
  2388 | D:3      | Reached skill level 1 in Fighting
  2883 | D:3      | Found a faded altar of an unknown god.
  2899 | D:3      | Became a worshipper of Vehumet
  2899 | D:3      | Reached * piety under Vehumet
  2899 | D:3      | Offered knowledge of Sandblast by Vehumet.
  2995 | D:3      | Reached skill level 2 in Fighting
  3495 | D:4      | Reached XP level 5. HP: 41/41 MP: 5/8
  3498 | D:4      | Noticed Grinder
  3523 | D:4      | Paralysed by Grinder for 4 turns
  3561 | D:4      | Paralysed by Grinder for 7 turns
  4396 | D:4      | Reached skill level 3 in Fighting
  4472 | D:4      | Found an ancient bone altar of Kikubaaqudgha.
  4483 | D:4      | Learned a level 4 spell: Iskenderun's Mystic Blast
  4632 | D:4      | Found a sacrificial altar of Ru.
  4633 | D:4      | Found a shadowy altar of Dithmenos.
  4635 | D:4      | Found a burning altar of Makhleb.
  4635 | D:4      | Found a hazy altar of Hepliaklqana.
  4635 | D:4      | Found a deep blue altar of Sif Muna.
  4662 | D:4      | Noticed an ogre
  4672 | D:4      | Killed an ogre
  4672 | D:4      | Reached XP level 6. HP: 51/51 MP: 5/10
  4839 | D:4      | Reached skill level 4 in Fighting
  4984 | D:4      | Found a transporter.
  4992 | D:4      | Found a transporter.
  5087 | D:4      | Paralysed by Grinder for 4 turns
  5769 | D:4      | Reached ** piety under Vehumet
  5769 | D:4      | Offered knowledge of Shock by Vehumet.
  5772 | D:4      | Learned a level 1 spell: Shock
  5779 | D:4      | Your scales start taking on a glossy black colour.
  5779 | D:4      | Reached XP level 7. HP: 60/60 MP: 3/12
  5779 | D:4      | Gained mutation: You are resistant to electric shocks.
                  | (rElec) [Black Draconian growth]
  5909 | D:5      | Entered Level 5 of the Dungeon
  5915 | D:5      | Reached skill level 5 in Fighting
  6739 | D:5      | Found Kiash's Food Shoppe.
  6931 | D:5      | Reached skill level 6 in Fighting
  7156 | D:6      | Noticed Eustachio
  7156 | D:6      | Noticed Sigmund
  7194 | D:6      | Offered knowledge of Ignite Poison by Vehumet.
  7321 | D:6      | Found a staircase to the Ecumenical Temple.
  7425 | D:6      | Reached XP level 8. HP: 71/71 MP: 8/14
  7569 | D:6      | Noticed Prince Ribbit
  7755 | D:6      | Killed Prince Ribbit
  7755 | D:6      | Reached skill level 7 in Fighting
  8005 | D:6      | Reached skill level 5 in Spellcasting
  8128 | D:6      | Found a basalt altar of Yredelemnul.
  8399 | D:6      | Reached skill level 8 in Fighting
  8400 | D:6      | Reached *** piety under Vehumet
  8505 | D:6      | Killed Sigmund
  8516 | D:6      | Killed Eustachio
  8516 | D:6      | Reached XP level 9. HP: 76/82 MP: 1/17
  8682 | D:6      | Found a runed door.
  8929 | D:6      | Noticed Crazy Yiuf
  8933 | D:6      | Killed Crazy Yiuf
  9233 | D:7      | Reached skill level 9 in Fighting
 10185 | D:7      | Offered knowledge of Inner Flame by Vehumet.
 10190 | D:7      | Learned a level 3 spell: Inner Flame
 10437 | D:7      | Found an ornate altar of the Wu Jian Council.
 10688 | D:8      | Reached skill level 1 in Fire Magic
 10718 | D:8      | Noticed Grum
 11255 | D:8      | Reached skill level 10 in Fighting
 11758 | D:7      | Reached **** piety under Vehumet
 11758 | D:7      | Reached XP level 10. HP: 36/94 MP: 15/20
 12042 | D:8      | Slain by an ogre

Skill      XL: |  1  2  3  4  5  6  7  8  9 |
---------------+----------------------------+-----
Short Blades   | 1 |  1.1
Conjurations   | 5 6 7 8 |  8.1
Fighting       | 2 3 4 6 8 10 | 10.6
Spellcasting   | 3 4 5 6 |  6.7
Fire Magic     | 2 |  2.0
Dodging        | 2 |  2.7
Stealth        | |  1.8

Action                   |  1- 3 |  4- 6 |  7- 9 | 10-12 || total
-------------------------+-------+-------+-------+-------++-------
Melee: Unarmed           |     1 |       |       |       ||     1
       Short sword       |    33 |       |       |       ||    33
       Tailslap          |     4 |     8 |    13 |     1 ||    26
       Whip              |    18 |    82 |    92 |     2 ||   194
Throw: Stone             |     5 |       |       |       ||     5
 Cast: Magic Dart        |    69 |    64 |   135 |     3 ||   271
       Searing Ray       |     1 |    10 |    23 |       ||    34
       Shock             |       |     3 |    25 |       ||    28
       Iskenderun's Myst |       |     2 |    48 |     4 ||    54
       Inner Flame       |       |       |     5 |       ||     5
 Abil: Breathe Lightning |       |       |     2 |     1 ||     3
Evoke: Wand              |       |       |     1 |       ||     1
  Use: Scroll            |     3 |     7 |     6 |       ||    16
       Potion            |       |     3 |       |     1 ||     4
 Stab: Sleeping          |     2 |     2 |     1 |       ||     5
  Eat: Chunk             |     4 |     7 |    18 |       ||    29
       Ration            |       |     2 |     2 |     1 ||     5
Armor: Skin              |    18 |    28 |    66 |     1 ||   113
Dodge: Dodged            |    41 |    58 |   115 |     3 ||   217
